 Dungeon Crawl Stone Soup version 0.18.1-50-g88ac8fd (webtiles) character file.

2496 recordrepeat the Cleaver (level 9, 0/78 HPs)
             Began as a Hill Orc Fighter on Oct 21, 2016.
             Was a Believer of Beogh.
             Slain by Acct1101's ghost (10 damage)
             ... on level 8 of the Dungeon.
             The game lasted 00:25:30 (7658 turns).

recordrepeat the Cleaver (Hill Orc Fighter)         Turns: 7658, Time: 00:25:30

Health: 0/78       AC: 15    Str: 20    XL:     9   Next: 52%
Magic:  9/9        EV: 10    Int:  8    God:    Beogh [**....]
Gold:   399        SH: 11    Dex: 12    Spells: 0 memorised, 8 levels left

rFire  . . .     SeeInvis .     a - +0 war axe
rCold  . . .     Gourm    .     g - +4 scale mail of Intuition {Regen+}
rNeg   . . .     Faith    .     c - +0 shield
rPois  +         Spirit   .     Q - +0 helmet
rElec  .         Dismiss  +     (no cloak)
rCorr  .         Reflect  .     i - +0 pair of gloves
SustAt .         Harm     .     (no boots)
MR     .....                    b - amulet of dismissal (curse)
Stlth  ..........               P - +1 ring of evasion
                                z - ring of poison resistance

@: drained, not resistant to hostile enchantments, extremely unstealthy
A: no striking features
a: Smiting, Renounce Religion


You were on level 8 of the Dungeon.
You worshipped Beogh.
Beogh was pleased with you.
You were hungry.

You visited 1 branch of the dungeon, and saw 8 of its levels.

You collected 548 gold pieces.
You spent 149 gold pieces at shops.

Inventory:

Hand Weapons
 a - a +0 war axe (weapon)
 O - a +0 vampiric hand axe
Armour
 c - a +0 shield (worn)
 g - the +4 scale mail of Intuition (worn) {Regen+}
   (You found it on level 6 of the Dungeon)

   It increases your rate of regeneration.
 i - a +0 pair of gloves (worn)
 Q - a +0 helmet (worn)
Jewellery
 b - a cursed amulet of dismissal (around neck)
 d - an uncursed ring of poison resistance
 n - an uncursed amulet of guardian spirit
 z - a ring of poison resistance (left hand)
 A - an uncursed ring of sustain attributes
 D - an uncursed ring of positive energy
 F - an uncursed ring of protection from magic
 P - a +1 ring of evasion (right hand)
Wands
 h - a wand of enslavement (17/24)
 v - a wand of iceblast (4/15)
 N - a wand of iceblast (13/15)
Scrolls
 e - a scroll of fear {unknown}
 j - 2 scrolls of fog
 k - 3 scrolls of recharging
 l - a scroll of enchant armour {unknown}
 m - a scroll of blinking {unknown}
 o - 3 scrolls of teleportation
 p - a scroll of immolation {unknown}
 t - 5 scrolls of remove curse
 C - 4 scrolls of random uselessness {unknown}
 H - a scroll of silence {unknown}
 J - a scroll of amnesia {unknown}
 K - 2 scrolls of noise {unknown}
Potions
 q - a potion of cancellation {unknown}
 r - 4 potions of curing
 u - 2 potions of heal wounds
 w - a potion of berserk rage
 x - 2 potions of brilliance
 E - a potion of lignification
 G - a potion of ambrosia
 I - a potion of invisibility
 M - a potion of resistance
Books
 s - a book of Cantrips

   Spells                             Type                      Level
   a - Corona                         Hexes                        1
   b - Animate Skeleton               Necromancy                   1
   c - Summon Small Mammal            Summoning                    1
   d - Apportation                    Translocation                1
 L - a Grand Grimoire

   Spells                             Type                      Level
   a - Monstrous Menagerie            Summoning                    7
   b - Summon Greater Demon           Summoning                    7
   c - Malign Gateway                 Summoning/Translocation      7
   d - Summon Horrible Things         Summoning                    8
Comestibles
 f - 8 bread rations
 B - 9 fruits
 S - 2 beef jerkies
 T - 8 slices of pizza


   Skills:
 + Level 6.5(6.3) Fighting
 + Level 9.5(9.3) Axes
 + Level 7.3(7.1) Armour
 + Level 3.5(3.4) Dodging
 + Level 1.1(1.0) Stealth
 + Level 6.8(6.7) Shields


You had 8 spell levels left.
You didn't know any spells.

Dungeon Overview and Level Annotations

Branches:
Dungeon (8/15)
 Temple: D:4-7         Lair: D:8-11

Altars:
Ashenzari
Cheibriados
Dithmenos
Fedhas
Makhleb
Nemelex Xobeh
Okawaru
Pakellas
Sif Muna
Yredelemnul
The Shining One

Shops:
D:6 ?[(

Annotations:
D:8 Acct1101's ghost, novice MiBe


Message History

Acct1101's ghost hits you!
* * * LOW HITPOINT WARNING * * *
Your cursed amulet of dismissal vibrates suddenly!
Acct1101's ghost disappears!
You start resting.
You hit Acct1101's ghost.
Acct1101's ghost is almost destroyed.
Acct1101's ghost hits you!
* * * LOW HITPOINT WARNING * * *
You hit Acct1101's ghost but do no damage.
Acct1101's ghost is almost destroyed.
You block Acct1101's ghost's attack. Acct1101's ghost hits you.
* * * LOW HITPOINT WARNING * * *
You hit Acct1101's ghost but do no damage.
Acct1101's ghost is almost destroyed.
Acct1101's ghost barely misses you.
You hit Acct1101's ghost but do no damage.
Acct1101's ghost is almost destroyed.
Acct1101's ghost hits you!
You die...

#. ###.
...####
.....
.<. #.#
#.# #.#
#@# #W#
#.# #..
....
###.#
.# .# #


You could see Acct1101's ghost.

Vanquished Creatures
  Grinder (D:4)
  2 yaks (D:7)
  A hog (D:7)
  An orc warrior (D:7)
  An ice beast (D:5)
  A sky beast (D:7)
  A phantom (D:7)
  2 ogres (D:4)
  The ghost of Beavermander the Charmwright, an amateur DsSk (D:3)
  A big kobold (D:7)
  A giant frog (D:6)
  A scorpion (D:4)
  4 wights (D:7)
  A howler monkey (D:5)
  A crimson imp (D:7)
  A jelly (D:8)
  A quasit (D:5)
  A gnoll shaman (D:4)
  3 orc priests
  A hound (D:4)
  An iguana (D:5)
  9 orc wizards
  3 worker ants
  A sheep (D:7)
  A hound skeleton (D:4)
  A mummy (D:5)
  Robin (D:2)
  A worker ant zombie (D:7)
  9 gnolls (D:4)
  4 adders
  A shadow imp (D:5)
  3 worms (D:2)
  2 dart slugs
  3 giant geckos
  18 orcs
  2 giant cockroaches
  11 hobgoblins
  10 kobolds
  7 bats
  A giant cockroach zombie (D:6)
  3 giant newts
  11 goblins
  A quokka skeleton (D:5)
  7 rats
138 creatures vanquished.

Vanquished Creatures (others)
  An orc wizard (D:3)
  A goblin (D:3)
  2 bats (D:3)
  A rat (D:3)
5 creatures vanquished.

Grand Total: 143 creatures vanquished

Notes
Turn   | Place    | Note
--------------------------------------------------------------
     0 | D:1      | recordrepeat the Hill Orc Fighter began the quest for the Orb.
     0 | D:1      | Reached XP level 1. HP: 19/19 MP: 1/1
   342 | D:1      | Reached XP level 2. HP: 27/27 MP: 2/2
   919 | D:2      | Reached XP level 3. HP: 33/33 MP: 3/3
  1065 | D:2      | Reached skill level 3 in Axes
  1403 | D:2      | Reached XP level 4. HP: 31/40 MP: 2/4
  1405 | D:2      | Noticed Robin
  1418 | D:2      | Killed Robin
  1525 | D:2      | Found a glowing golden altar of the Shining One.
  1527 | D:2      | Found a shadowy altar of Dithmenos.
  2027 | D:3      | Became a worshipper of Beogh the Brigand
  2055 | D:3      | Noticed Beavermander's ghost (amateur DsSk)
  2103 | D:3      | Killed Beavermander's ghost
  2103 | D:3      | Reached skill level 4 in Axes
  2103 | D:3      | Reached skill level 1 in Dodging
  2103 | D:3      | Reached XP level 5. HP: 4/47 MP: 1/5
  2741 | D:4      | Noticed an ogre
  2752 | D:4      | Killed an ogre
  2752 | D:4      | Reached XP level 6. HP: 8/53 MP: 2/6
  2804 | D:3      | HP: 2/53 [something/puff of flame (7)]
  2828 | D:3      | Reached skill level 5 in Axes
  3218 | D:4      | Noticed Grinder
  3220 | D:4      | Paralysed by Grinder for 2 turns
  3224 | D:4      | Paralysed by Grinder for 5 turns
  3283 | D:4      | Reached skill level 5 in Armour
  3320 | D:4      | Reached XP level 7. HP: 16/60 MP: 7/7
  3609 | D:4      | Paralysed by Grinder for 6 turns
  3621 | D:4      | Killed Grinder
  3621 | D:4      | Reached skill level 5 in Fighting
  3621 | D:4      | Reached skill level 6 in Axes
  4563 | D:4      | Reached * piety under Beogh
  4563 | D:4      | Reached XP level 8. HP: 40/68 MP: 8/8
  4873 | D:5      | Entered Level 5 of the Dungeon
  4934 | D:5      | Reached skill level 7 in Axes
  4947 | D:5      | Reached skill level 5 in Shields
  5302 | D:5      | Found a snail-covered altar of Cheibriados.
  5749 | D:6      | Found Ytwedaqi's Antique Weapon Boutique.
  5761 | D:6      | Bought a runed hand axe for 69 gold pieces
  5781 | D:6      | Reached skill level 8 in Axes
  5900 | D:6      | Found Wymia's Magic Scroll Shoppe.
  5921 | D:6      | Bought a scroll of identify for 20 gold pieces
  5921 | D:6      | Bought a scroll of identify for 20 gold pieces
  5921 | D:6      | Bought a scroll of identify for 20 gold pieces
  5921 | D:6      | Bought a scroll of identify for 20 gold pieces
  6000 | D:6      | Reached skill level 1 in Stealth
  6046 | D:6      | Found Fiqugila's Armour Boutique.
  6099 | D:6      | Found a blossoming altar of Fedhas.
  6196 | D:6      | Found an iron altar of Okawaru.
  6253 | D:6      | Found an oddly glowing altar of Pakellas.
  6255 | D:6      | Found a sparkling altar of Nemelex Xobeh.
  6257 | D:6      | Found a burning altar of Makhleb.
  6258 | D:6      | Found a shattered altar of Ashenzari.
  6260 | D:6      | Found a basalt altar of Yredelemnul.
  6432 | D:6      | Got a fine scale mail
  6443 | D:6      | Identified the +4 scale mail of Intuition {Regen+} (You found it on level 6 of the Dungeon)
  6789 | D:7      | Reached XP level 9. HP: 23/75 MP: 9/9
  6898 | D:7      | Found a deep blue altar of Sif Muna.
  7164 | D:7      | Reached skill level 9 in Axes
  7263 | D:7      | Reached ** piety under Beogh
  7377 | D:7      | Found a blossoming altar of Fedhas.
  7569 | D:8      | Noticed Acct1101's ghost (novice MiBe)
  7658 | D:8      | Slain by Acct1101's ghost

Skill      XL: |  1  2  3  4  5  6  7  8  9 |
---------------+----------------------------+-----
Fighting       | 4 5 6 |  6.5
Axes           | 3 4 5 6 8 9 |  9.5
Armour         | 4 5 6 7 |  7.3
Dodging        | 1 2 3 |  3.5
Shields        | 4 5 6 |  6.8
Stealth        | 1 |  1.1

Action                   |  1- 3 |  4- 6 |  7- 9 || total
-------------------------+-------+-------+-------++-------
Melee: War axe           |   109 |   183 |   521 ||   813
Invok: Convert to Beogh  |       |     1 |       ||     1
  Use: Potion            |       |     2 |       ||     2
       Scroll            |       |     5 |     8 ||    13
  Eat: Chunk             |     2 |     6 |     8 ||    16
       Meat ration       |       |       |     1 ||     1
       Beef jerky        |       |       |     1 ||     1
Armor: Scale mail        |    57 |    45 |    77 ||   179
       Chain mail        |       |    59 |   144 ||   203
Dodge: Dodged            |    13 |    35 |    95 ||   143
Block: Shield            |    48 |    80 |   226 ||   354
